 Dungeon Crawl Stone Soup version 0.23.2-30-g0e89c35649 (webtiles) character file.

Game seed: 10225692701965173566

684 Kairos the Sneak (level 7, 27/61 HPs)
             Began as a Deep Dwarf Assassin on June 11, 2019.
             Quit the game on level 5 of the Dungeon.
             The game lasted 00:06:53 (3101 turns).

Kairos the Sneak (Deep Dwarf Assassin)              Turns: 3101, Time: 00:06:54

Health: 27/61      AC: 12    Str: 16    XL:     7   Next: 35%
Magic:  5/5        EV: 16    Int: 11    God:
Gold:   182        SH: 12    Dex: 15    Spells: 6/6 levels left

rFire    . . .     SeeInvis .   k - +1 hand axe (elec)
rCold    . . .     Gourm    .   v - +0 large shield
rNeg     . . .     Faith    .   A - +0 plate armour
rPois    .         Spirit   .   (no helmet)
rElec    .         Reflect  .   d - +0 cloak
rCorr    .         Harm     .   (no gloves)
MR       +....                  (no boots)
Stlth    ..........             h - amulet of the acrobat
HPRegen  0.00/turn              (no ring)
MPRegen  0.09/turn              (no ring)

@: acrobat, non-regenerating
A: damage resistance, heal wounds, sense surroundings 1, no regeneration
a: Heal Wounds


You were on level 5 of the Dungeon.
You were hungry.

You visited 1 branch of the dungeon, and saw 5 of its levels.

You collected 182 gold pieces.

Inventory:

Hand Weapons
 a - a +2 dagger
 b - a +0 blowgun
 i - a +0 hand axe
 k - a +1 hand axe of electrocution (weapon)
 w - a +1 hand axe of flaming
Missiles
 e - 51 poisoned needles
 f - 2 curare-tipped needles
Armour
 c - a +0 robe
 d - a +0 cloak (worn)
 n - a +0 ring mail
 v - a +0 large shield (worn)
 A - a +0 plate armour (worn)
Jewellery
 h - an amulet of the acrobat (around neck)
 u - an uncursed amulet of the gourmand
Wands
 z - a wand of polymorph (6)
Scrolls
 l - 2 scrolls of fog
 o - 3 scrolls of identify
 r - 2 scrolls of teleportation
 t - a scroll of blinking {unknown}
 x - a scroll of amnesia
 y - 2 scrolls of enchant armour {unknown}
 B - a scroll of remove curse
Potions
 j - 2 potions of heal wounds
 m - a potion of lignification {unknown}
 p - 4 potions of curing {unknown}
 q - a potion of berserk rage {unknown}
 s - 2 potions of agility {unknown}
Comestibles
 g - 5 rations


   Skills:
 + Level 2.8 Fighting
 + Level 2.1 Short Blades
 + Level 4.2 Axes
 + Level 1.8 Throwing
 + Level 3.8 Armour
 + Level 2.6 Dodging
 + Level 6.9 Stealth
 + Level 2.1 Shields
 + Level 0.3 Evocations


You had 6 spell levels left.
You didn't know any spells.
Your spell library contained the following spells:

 Spells                   Type           Power        Failure   Level  Hunger
 Magic Dart               Conj           #...         100%        1    ##.....
 Blink                    Tloc           N/A          100%        2    ###....
 Call Imp                 Summ           #.......     100%        2    ###....
 Slow                     Hex            #.......     100%        2    ###....
 Conjure Flame            Conj/Fire      #.......     100%        3    ####...
 Mephitic Cloud           Conj/Pois/Air  #.......     100%        3    ####...


Dungeon Overview and Level Annotations

Branches:
Dungeon (5/15)
 Temple: D:4-7

Altars:
Elyvilon
Fedhas

Annotations:
D:2 exclusion: oklob plant


Innate Abilities, Weirdness & Mutations

You are resistant to damage.
You can heal yourself by infusing magical energy.
You passively map a small area around you.
You do not regenerate.


Message History

The centaur is lightly wounded.
The centaur hits you but does no damage.
You block the centaur's attack.
You hit the centaur. Lightning courses through the centaur!
The centaur is severely wounded.
The centaur hits you but does no damage. x2
Your shield and plate armour prevent you from hitting the centaur.
The centaur is severely wounded.
The centaur barely misses you.
You slash the centaur! Lightning courses through the centaur!
You kill the centaur!
Things that are here:
a +0 shortbow; 15 arrows
Found a stone staircase leading up.
B - a scroll of remove curse You see here an arrow.
There is a stone staircase leading up here.
Search for what [? for help]?
Okay, then.
Are you sure you want to abandon this character and quit the game? (Confirm with "yes".)

, , , * * , * * * .###.
* *#........ * * ,
###.......# ,**
###........# * #.
*####.........### ,
....##.@............#.
,
........(.............
.........(............
..........(.).........
,.....####...........#.
, ...##* #..........##
.## *#.........###
#.........##
#........## *


There were no monsters in sight!

Vanquished Creatures
  A swamp drake (D:4)
  A sky beast (D:4)
  An ogre (D:4)
  A centaur (D:5)
  A hound (D:4)
  An orc wizard (D:4)
  Terence (D:3)
  3 worker ants (D:4)
  3 gnolls (D:4)
  6 adders
  3 worms
  4 dart slugs
  2 leopard geckos
  11 orcs
  2 ball pythons
  2 giant cockroaches (D:1)
  6 hobgoblins
  4 jackals (D:3)
  9 bats
  4 frilled lizards
  9 goblins
  13 kobolds
  A leopard gecko skeleton (D:4)
  7 rats
96 creatures vanquished.

Vanquished Creatures (others)
  A jackal (D:4)
1 creature vanquished.

Grand Total: 97 creatures vanquished

Notes
Turn   | Place    | Note
-------+----------+-------------------------------------------
     0 | D:1      | Kairos the Deep Dwarf Assassin began the quest for the Orb.
     0 | D:1      | Reached XP level 1. HP: 19/19 MP: 1/1
    68 | D:1      | Reached skill level 5 in Stealth
   127 | D:1      | Reached XP level 2. HP: 23/26 MP: 2/2
   588 | D:1      | Reached XP level 3. HP: 26/32 MP: 3/3
   980 | D:2      | Reached skill level 1 in Axes
  1010 | D:2      | Reached skill level 6 in Stealth
  1088 | D:2      | Reached XP level 4. HP: 29/39 MP: 4/4
  1108 | D:2      | Found a white marble altar of Elyvilon.
  1230 | D:2      | Found a blossoming altar of Fedhas.
  1245 | D:2      | Noticed an oklob plant
  1539 | D:3      | Reached skill level 1 in Armour
  1876 | D:3      | Noticed Terence
  1885 | D:3      | Killed Terence
  1885 | D:3      | Reached XP level 5. HP: 30/45 MP: 4/4
  1983 | D:3      | Reached skill level 1 in Shields
  2367 | D:4      | Noticed a swamp drake
  2367 | D:4      | an orc wizard changed into a swamp drake
  2401 | D:4      | Reached XP level 6. HP: 44/55 MP: 4/4
  2445 | D:4      | Noticed a sky beast
  2445 | D:4      | an ogre changed into a sky beast
  2473 | D:4      | Killed a sky beast
  2720 | D:4      | Killed a swamp drake
  2906 | D:4      | Reached XP level 7. HP: 41/61 MP: 5/5
  3079 | D:5      | Entered Level 5 of the Dungeon
  3101 | D:5      | Quit the game

Skill      XL: |  1  2  3  4  5  6 |
---------------+-------------------+-----
Stealth        | 5 6 |  6.9
Fighting       | 2 |  2.8
Axes           | 1 2 4 |  4.2
Armour         | 1 2 3 |  3.8
Short Blades   | 2 |  2.1
Shields        | 1 2 |  2.1
Dodging        | 2 |  2.6
Throwing       | |  1.8
Evocations     | |  0.3

Action                   |  1- 3 |  4- 6 |  7- 9 || total
-------------------------+-------+-------+-------++-------
Melee: Dagger            |    25 |    53 |       ||    78
       Hand axe          |    73 |   136 |    11 ||   220
 Abil: Heal Wounds       |     1 |     7 |       ||     8
Evoke: Wand              |       |     2 |       ||     2
  Use: Scroll            |     7 |     1 |       ||     8
 Stab: Sleeping          |    12 |    11 |       ||    23
       Distracted        |       |     1 |       ||     1
  Eat: Ration            |       |     2 |       ||     2
Armor: Robe              |    23 |       |       ||    23
       Ring mail         |     8 |    61 |     1 ||    70
       Plate armour      |       |       |     3 ||     3
Dodge: Dodged            |    76 |    60 |     4 ||   140
Block: Large shield      |       |    92 |     6 ||    98
       Buckler           |       |     2 |       ||     2
